 Dungeon Crawl Stone Soup version 0.31-a0-325-g067879e3d3 (webtiles) character file.

Game seed: 7198910936870472673

1792 cforsyth the Ruffian (level 8, -1/64 HPs)
             Began as a Vampire Shapeshifter on July 19, 2023.
             Was an Initiate of Hepliaklqana.
             Slain by an ogre
             ... wielding a +0 giant spiked club
              (9 damage)
             ... on level 7 of the Dungeon.
             The game lasted 00:06:38 (4890 turns).

cforsyth the Ruffian (Vampire Shapeshifter)         Turns: 4890, Time: 00:06:39

Health: -1/64      AC: 10    Str: 16    XL:     8   Next: 82%
Magic:  8/8        EV:  5    Int: 10    God:    Hepliaklqana [......]
Gold:   290        SH:  0    Dex: 15    Spells: 7/7 levels left

rFire   . .          .
                       - Unarmed
rCold   . . .        (no shield)
rNeg    . . .        q - +0 plate armour
rPois   .            (helmet currently unavailable)
rElec   .            (cloak currently unavailable)
rCorr   .            (gloves currently unavailable)
SInv    +            (boots currently unavailable)
Will    .....        (no amulet) Stlth
                     (no ring)
HPRegen 0.50/turn    (no ring)
MPRegen 0.11/turn

%: no passive effects
@: beast-form, healing quickly
A: beast (slay +4), alive, fangs 3, see invisible, vampiric 2
a: Exsanguinate, Begin Untransformation, Renounce Religion


You were on level 7 of the Dungeon.
You worshipped Hepliaklqana.
Hepliaklqana was noncommittal.
You were a hulking beast.
You visited 2 branches of the dungeon, and saw 8 of its levels.

You collected 290 gold pieces.

Inventory:

Armour
 a - a +0 animal skin
 q - a +0 plate armour (worn)
 y - a +0 cloak
Jewellery
 u - a ring of willpower
Talismans
 c - a beast talisman
 B - a serpent talisman
Wands
 z - a wand of paralysis (11)
Scrolls
 b - a scroll of enchant armour {unknown}
 d - 11 scrolls of identify {unknown}
 i - a scroll of enchant weapon {unknown}
 k - 2 scrolls of teleportation {unknown}
 o - a scroll of revelation {unknown}
 p - a scroll of amnesia {unknown}
 r - a scroll of fear {unknown}
 s - a scroll of summoning {unknown}
 v - a scroll of blinking {unknown}
 x - a scroll of immolation {unknown}
 A - a scroll of vulnerability {unknown}
Potions
 e - 2 potions of might {unknown}
 f - a potion of degeneration {unknown}
 g - a potion of heal wounds
 h - 2 potions of cancellation
 j - a potion of invisibility
 l - 2 potions of curing {unknown}
 m - 2 potions of brilliance {unknown}
 n - 2 potions of haste {unknown}
 t - 4 potions of mutation {unknown}
 w - 2 potions of enlightenment {unknown}


   Skills:
 + Level 6.3 Fighting
 - Level 2.1 Dodging
 + Level 7.5 Unarmed Combat
 + Level 6.9 Shapeshifting


You had 7 spell levels left.
You didn't know any spells.
Your spell library contained the following spells:

 Spells                   Type           Power      Damage    Failure   Level
 Summon Small Mammal      Summ           0%         N/A       100%        1
 Call Canine Familiar     Summ           0%         N/A       100%        3
 Dazzling Flash           Conj/Hex       0%         N/A       100%        3
 Summon Guardian Golem    Hex/Summ       0%         N/A       100%        3
 Vhi's Electric Charge    Tloc/Air       0%         N/A       100%        3
 Agony                    Necr           0%         N/A       100%        5
 Arcjolt                  Conj/Air       0%         1d10      100%        5
 Silence                  Hex/Air        0%         N/A       100%        5
 Maxwell's Capacitive Co  Air            0%         ∞         100%        8


Dungeon Overview and Level Annotations

Branches:
Dungeon (7/15)             Temple (1/1) D:6

Altars:
Ashenzari
Cheibriados
Dithmenos
Hepliaklqana
Kikubaaqudgha
Makhleb
Nemelex Xobeh
Okawaru
Qazlal
Ru
Sif Muna
Trog
Vehumet
Wu Jian
Xom
Yredelemnul

Shops:
D:6 [

Annotations:
D:4 1 runed translucent door, Crazy Yiuf


Innate Abilities, Weirdness & Mutations

You are a hulking beast.
Your limbs bulge with bestial killing power. (Slay +4)
Your natural rate of healing is accelerated.
You have razor-sharp teeth.
You have supernaturally acute eyesight. (SInv)
You are afflicted with vampirism and can become a bat while bloodless.


Message History

You are too injured to fight recklessly!
You are too injured to fight recklessly!
You are too injured to fight recklessly!
You are too injured to fight recklessly!
You hit the centaur. You bite the centaur.
The centaur is heavily wounded.
The centaur hits you.
The centaur kicks you but does no damage.
The orc hits you with a +0 dagger. The centaur barely misses you.
The centaur kicks you but does no damage.
Okay, then.
You hit the centaur but do no damage. You bite the centaur!
The centaur is almost dead.
The ogre hits you with a +0 giant spiked club.
The centaur hits you but does no damage.
The centaur kicks you but does no damage.
The orc hits you but does no damage. x2
You punch the centaur!
You kill the centaur!
The orc barely misses you. The orc hits you but does no damage.
The ogre hits you with a +0 giant spiked club!
* * * LOW HITPOINT WARNING * * *
You feel much better. The orc hits you with a +0 club.
The orc hits you but does no damage.
You hit the ogre. You punch the ogre.
The ogre is heavily wounded.
The ogre hits you with a +0 giant spiked club!!
* * * LOW HITPOINT WARNING * * *
The orc hits you with a +0 club.
* * * LOW HITPOINT WARNING * * *
The orc barely misses you.
You punch the ogre!
The ogre is severely wounded.
You hit the ogre.
The ogre is almost dead.
The orc hits you with a +0 club.
* * * LOW HITPOINT WARNING * * *
The orc hits you but does no damage.
The ogre hits you with a +0 giant spiked club!
You die...

########
#..oh..#
#...oO)..#
#..........#
#..........#
#..........#
#..........#
#..........#
##..........


You could see an ogre and 2 orcs.

Vanquished Creatures
  Grinder (D:5)
  Sigmund (D:2)
  A steam dragon (D:5)
  An orc warrior (D:3)
  An ogre (D:5)
  A centaur (D:7)
  2 phantoms
  Blork the orc (D:4)
  2 scorpions
  A howler monkey (D:6)
  2 jellies (D:6)
  2 hounds
  3 orc priests
  2 sleepcaps
  4 iguanas
  5 orc wizards
  Robin (D:4)
  2 adders
  A shadow imp (D:6)
  2 worms
  A dart slug (D:3)
  16 orcs
  7 bats
  11 endoplasms
  3 giant cockroaches
  14 goblins
  10 hobgoblins
  3 jackals (D:3)
  6 quokkas
  7 ball pythons
  A frilled lizard (D:1)
  11 kobolds
  7 rats
133 creatures vanquished.

Notes
Turn   | Place    | Note
-------+----------+-------------------------------------------
     0 | D:1      | cforsyth the Vampire Shapeshifter began the quest for the
                  | Orb.
     0 | D:1      | Reached XP level 1. HP: 16/16 MP: 1/1
   197 | D:1      | Reached XP level 2. HP: 22/22 MP: 2/2
   528 | D:1      | Found a faded altar of an unknown god.
   621 | D:1      | Gained mutation: You are afflicted with vampirism and can
                  | become a bat while bloodless. [Vampire growth]
   621 | D:1      | Reached XP level 3. HP: 24/28 MP: 3/3
   765 | D:2      | Reached skill level 3 in Unarmed Combat
   838 | D:2      | Noticed Sigmund
   852 | D:2      | Killed Sigmund
   853 | D:2      | Reached skill level 4 in Unarmed Combat
   853 | D:2      | Reached XP level 4. HP: 35/35 MP: 4/4
   853 | D:2      | Reached XP level 5. HP: 41/41 MP: 5/5
  1621 | D:3      | Found a stormy altar of Qazlal.
  1621 | D:3      | Found a shimmering altar of Xom.
  1659 | D:4      | Reached XP level 6. HP: 42/48 MP: 6/6
  1678 | D:4      | Noticed Robin
  1718 | D:4      | Killed Robin
  1864 | D:4      | Found a burning altar of Makhleb.
  1912 | D:4      | Noticed Blork the orc
  1924 | D:4      | Killed Blork the orc
  2026 | D:4      | Noticed an orc warrior
  2125 | D:3      | Killed an orc warrior
  2126 | D:3      | Reached skill level 5 in Unarmed Combat
  2126 | D:3      | Reached skill level 5 in Shapeshifting
  2126 | D:3      | Reached XP level 7. HP: 8/54 MP: 7/7
  3009 | D:4      | Found a runed translucent door.
  3010 | D:4      | Noticed Crazy Yiuf
  3277 | D:5      | Entered Level 5 of the Dungeon
  3307 | D:5      | Noticed a steam dragon
  3322 | D:5      | Killed a steam dragon
  3435 | D:5      | Reached skill level 5 in Fighting
  3495 | D:5      | Reached skill level 6 in Unarmed Combat
  3555 | D:5      | Noticed Grinder
  3564 | D:5      | Killed Grinder
  3565 | D:5      | Reached XP level 8. HP: 58/63 MP: 8/8
  4306 | D:6      | Found Joak Uci's Armour Emporium.
  4382 | D:6      | Reached skill level 7 in Unarmed Combat
  4481 | D:6      | Found a staircase to the Ecumenical Temple.
  4586 | Temple   | Entered the Ecumenical Temple
  4619 | Temple   | Became a worshipper of Hepliaklqana the Forgotten
  4890 | D:7      | Slain by an ogre

Illustrated notes

Levels and vault maps discovered:
D:1:      dpeg_arrival_line_fractal, layout_basic,
          shapermc_ecumenical_altar_mp_highgroup, corexii_leaking_fountain,
          minmay_misc_feat_pillars, grunt_decor_fettered
D:2:      layout_basic, uniq_sigmund
D:3:      layout_rooms, gammafunk_temple_overflow_elements
D:4:      layout_loops_ring, bloody_makhleb, minmay_fractal_squares_5,
          uniq_blork_the_orc, uniq_robin, uniq_crazy_yiuf_cottage
D:5:      layout_gridville, hangedman_decor_lopped, uniq_grinder
D:6:      layout_basic, minmay_temple_entry_gardened_gates, serial_shops,
          nicolae_shop_hallway_plus
D:7:      layout_rooms, chequers_serial_rivers_micro_a, grunt_ministairs_1,
          minmay_hedge_maze
Temple:   oiseaux_autumnal_temple

Skill      XL: |  1  2  3  4  5  6  7  8 |
---------------+-------------------------+-----
Fighting       | 2 3 4 5 6 |  6.3
Unarmed Combat | 4 5 6 7 |  7.5
Shapeshifting  | 4 5 6 |  6.9
Dodging        | |  2.1

Action                     |  1- 3 |  4- 6 |  7- 9 || total
---------------------------+-------+-------+-------++-------
  Melee: Unarmed           |    99 |   128 |   147 ||   374
         Bite              |     7 |    19 |    19 ||    45
         Punch             |     2 |     6 |     8 ||    16
    Use: Potion            |     1 |     1 |     3 ||     5
   Stab: Sleeping          |     3 |       |       ||     3
         Invisible         |       |       |     1 ||     1
 Armour: Animal skin       |    16 |     5 |       ||    21
         Skin              |     5 |       |       ||     5
         Plate armour      |       |    49 |    96 ||   145
  Dodge: Dodged            |    47 |    39 |    40 ||   126

Table legend: (Time is in decaauts)
 A = Elapsed time spent in this place.
 B = Non-inter-level travel time spent in this place.
 C = Inter-level travel time spent in this place.
 D = Time resting spent in this place.
 E = Time spent auto-exploring this place.
 F = Levels seen in this place.
 G = Mean time per level.
                   A        B        C        D        E       F      G
               +--------+--------+--------+--------+--------+-----+--------+
         Total |   4861 |   4713 |    148 |    493 |   3322 |   8 |  607.6 |
       Dungeon |   4797 |   4679 |    118 |    493 |   3322 |   7 |  685.3 |
        Temple |     63 |     33 |     30 |      0 |      0 |   1 |   63.0 |
               +--------+--------+--------+--------+--------+-----+--------+

Top non-repeatable levels by time:
     D:4: 1072 daAuts
     D:3: 1070 daAuts
     D:5: 993 daAuts
     D:1: 647 daAuts
     D:6: 520 daAuts
     D:2: 471 daAuts
  Temple: 63 daAuts
     D:7: 21 daAuts
